AoeStats
← MottledTitan21

Black Forest

509484403Analyzed
3v3 RM · 6d ago on Sep 26, 2026· 49m 58s· 6 players
Game mode
Random Map
Map size
Normal (6 player)
Population
200
Speed
Normal
Resources
Standard
Victory
Conquest
Starting age
Dark Age
Ending age
Imperial Age
RankedLock teamsTeams togetherTeam positionsShared explorationLock speedFull tech treeHidden civsTurbo modeCheats
Victory
Defeat
🇩🇪 Berbers · Germany
1395
+17
🇫🇮 Turks · Finland
1363
+18
🇳🇴 Japanese · Norway
1341
+19
🇳🇱 Portuguese · Netherlands
1534
-23
🇳🇱 Bengalis · Netherlands
1350
-16
🇺🇸 Cumans · United States
1327
-15
mode maelle
6:33 Loom
11:39 Feudal Age
14:11 Double-Bit Axe
17:50 Castle Age
17:56 Fishing Lines
18:59 Scale Barding Armor
19:10 Bow Saw
19:09 Gillnets
19:56 Husbandry
22:40 Forging
24:20 Wheelbarrow
24:05 Bloodlines
25:38 Chain Barding Armor
25:54 Hand Cart
27:33 Coinage
27:22 Gold Mining
27:22 Stone Mining
27:44 Town Watch
29:32 Horse Collar
30:39 Gold Shaft Mining
32:41 Imperial Age
30:51 Stone Shaft Mining
31:42 Iron Casting
31:25 Fletching
32:25 Padded Archer Armor
32:47 Ballistics
32:10 Treadmill Crane
34:01 Plate Barding Armor
33:21 Bodkin Arrow
34:29 Chemistry
33:12 Heavy Camel Rider
34:08 Thumb Ring
34:10 Heavy Plow
35:39 Blast Furnace
34:55 Leather Archer Armor
35:08 Siege Engineers
35:29 Kasbah
35:30 Maghrebi Camels
35:52 Bracer
36:37 Conscription
38:00 Leather Archer Armor
38:26 Elite Camel Archer
42:33 Caravan
42:53 Light Cavalry
43:45 Hussar
Flash
1:33 Loom
12:18 Feudal Age
16:59 Castle Age
15:41 Double-Bit Axe
18:04 Bow Saw
22:07 Fishing Lines
22:40 Town Watch
24:32 Gillnets
24:46 Horse Collar
26:33 Wheelbarrow
26:00 Heavy Plow
25:51 Gold Mining
31:04 Imperial Age
28:59 Padded Archer Armor
29:23 Ballistics
29:33 Stone Mining
31:39 Leather Archer Armor
32:15 Bombard Tower
33:00 Two-Man Saw
33:20 Gold Shaft Mining
32:49 Artillery
33:52 Masonry
33:38 Elite Janissary
35:36 Architecture
35:30 Conscription
37:41 Treadmill Crane
39:56 Ring Archer Armor
39:42 Caravan
49:40 Fletching
Szpill
1:31 Loom
12:54 Feudal Age
15:52 Fletching
18:39 Padded Archer Armor
29:31 Castle Age
31:35 Gold Mining
38:34 Imperial Age
36:34 Crossbowman
39:29 Gold Shaft Mining
38:56 Bodkin Arrow
39:09 Thumb Ring
40:58 Leather Archer Armor
41:36 Bracer
41:05 Arbalester
42:57 Ring Archer Armor
43:45 Ballistics
44:26 Chemistry
43:57 Double-Bit Axe
43:52 Horse Collar
45:32 Conscription
45:27 Bow Saw
45:17 Heavy Plow
46:21 Murder Holes
47:27 Two-Man Saw
46:35 Yasama
47:31 Gambesons
47:06 Man-at-Arms
47:47 Squires
47:33 Arson
48:01 Guard Tower
50:04 Treadmill Crane
50:35 Masonry
all peacocks are the same
0:32 Loom
14:04 Feudal Age
14:42 Double-Bit Axe
18:50 Padded Archer Armor
19:33 Wheelbarrow
19:24 Scale Mail Armor
19:59 Bloodlines
39:02 Castle Age
38:33 Fishing Lines
39:14 Pikeman
39:54 Squires
41:49 Gillnets
41:47 Capped Ram
42:47 Chain Mail Armor
47:34 Imperial Age
47:31 Bow Saw
48:13 Elite Skirmisher
48:59 Halberdier
49:33 Fletching
49:59 Forging
MottledTitan21
10:56 Feudal Age
16:03 Castle Age
14:44 Double-Bit Axe
14:39 Horse Collar
17:22 Bow Saw
17:50 Heavy Plow
22:43 Scale Barding Armor
27:13 Wheelbarrow
26:35 Gold Mining
31:32 Imperial Age
29:27 Loom
29:28 Town Watch
30:01 Hand Cart
30:13 Ballistics
30:38 Gold Shaft Mining
30:33 Fletching
30:43 Padded Archer Armor
31:17 Bloodlines
31:07 Husbandry
31:52 Paiks
32:11 Bodkin Arrow
32:33 Leather Archer Armor
33:20 Chemistry
31:46 Elite Elephant Archer
32:50 Bracer
33:25 Conscription
34:22 Two-Man Saw
37:48 Chemistry
37:21 Ring Archer Armor
37:01 Light Cavalry
38:02 Chain Barding Armor
38:12 Elite Skirmisher
39:28 Plate Barding Armor
39:04 Forging
40:38 Siege Engineers
46:21 Mahayana
Strider
4:24 Loom
11:20 Feudal Age
15:04 Castle Age
12:56 Double-Bit Axe
13:54 Horse Collar
16:23 Bow Saw
19:44 Fletching
23:01 Wheelbarrow
23:34 Heavy Plow
27:23 Gold Mining
32:56 Imperial Age
31:17 Ballistics
31:51 Bodkin Arrow
31:53 Crossbowman
33:01 Thumb Ring
32:58 Padded Archer Armor
33:08 Arbalester
34:02 Bracer
35:06 Chemistry
34:54 Conscription
36:25 Leather Archer Armor
37:39 Ring Archer Armor
37:25 Town Watch
37:56 Hand Cart
37:48 Scale Barding Armor
39:18 Light Cavalry
40:19 Chain Barding Armor
40:12 Bloodlines
40:03 Husbandry
41:21 Elite Skirmisher
43:01 Plate Barding Armor
Connection lost

Rejoining the realm…

Still unreachable

The connection could not be restored.

Session expired

The server has moved on; the page needs a fresh start.